1973 views
Uploaded 2023-02-12 03:41:06
Game version 1.35 (6115)
62:11 long 4on4 ladder game on (8)WellspringTemple_v1.2 s3
Saved by GIGA
1973 views
Uploaded 2023-02-12 03:41:06
Game version 1.35 (6115)
62:11 long 4on4 ladder game on (8)WellspringTemple_v1.2 s3


229 units @ 32.5k
/ 6.7k
206 buildings @ 24k
/ 11.1k


| Dust of Appearance | 1 | 75 |
| Scroll of Town Portal | 2 | 700 |
| Scroll of Protection | 1 | 150 |
| Pendant of Energy | 2 | 600 |
| total: | 6 | 1525g |
| Peasant | 24 | 1800 | / | 0 |
| Rifleman | 5 | 1025 | / | 150 |
| Mortar Team | 6 | 1080 | / | 420 |
| Flying Machine | 25 | 2500 | / | 750 |
| total: | 60 | 6405g | / | 1320w |
| Scout Tower | 7 | 210 | / | 140 |
| Arcane Tower | 3 | 210 | / | 150 |
| Guard Tower | 4 | 280 | / | 200 |
| Altar of Kings | 1 | 180 | / | 50 |
| Farm | 14 | 1120 | / | 280 |
| Blacksmith | 1 | 140 | / | 60 |
| Barracks | 2 | 320 | / | 120 |
| Lumber Mill | 3 | 360 | / | 0 |
| Town Hall | 2 | 770 | / | 410 |
| Arcane Vault | 1 | 130 | / | 30 |
| Workshop | 3 | 420 | / | 420 |
| Gryphon Aviary | 5 | 700 | / | 750 |
| Keep | 1 | 320 | / | 210 |
| Castle | 1 | 360 | / | 210 |
| total: | 39 | 4350g | / | 2260w |
| 0:06 | Peasant |
| 0:06 | Peasant |
| 0:39 | Altar of Kings |
| 0:43 | Farm |
| 0:44 | Peasant |
| 0:44 | Peasant |
| 1:09 | Peasant |
| 1:26 | Blacksmith |
| 1:29 | Peasant |
| 1:56 | Peasant |
| 1:56 | Peasant |
| 2:09 | Barracks |
| 2:12 | Peasant |
| 2:15 | Scout Tower |
| 2:22 | Farm |
| 2:31 | Lumber Mill |
| 2:42 | Storm Bolt |
| 2:50 | Arcane Tower |
| 3:04 | Farm |
| 3:11 | Peasant |
| 3:13 | Rifleman |
| 3:29 | Barracks |
| 3:46 | Farm |
| 4:08 | Rifleman |
| 4:11 | Peasant |
| 4:11 | Peasant |
| 4:45 | Town Hall |
| 5:08 | Rifleman |
| 5:11 | Farm |
| 5:22 | Arcane Vault |
| 5:55 | Rifleman |
| 5:59 | Farm |
| 6:04 | Bash |
| 6:23 | Scout Tower |
| 6:25 | Scout Tower |
| 6:27 | Scout Tower |
| 6:28 | Scout Tower |
| 6:29 | Scout Tower |
| 6:32 | Peasant |
| 6:32 | Peasant |
| 6:32 | Peasant |
| 7:28 | Storm Bolt |
| 7:44 | Dust of Appearance |
| 7:58 | Keep |
| 8:00 | Black Gunpowder |
| 8:00 | Studded Leather Armor |
| 8:04 | Guard Tower |
| 8:05 | Arcane Tower |
| 8:13 | Guard Tower |
| 8:26 | Guard Tower |
| 8:49 | Guard Tower |
| 8:58 | Farm |
| 9:12 | Pendant of Energy |
| 9:39 | Farm |
| 10:03 | Farm |
| 10:04 | Farm |
| 10:21 | Workshop |
| 10:23 | Workshop |
| 10:29 | Workshop |
| 10:35 | Long Rifles |
| 11:20 | Farm |
| 11:25 | Farm |
| 11:56 | Holy Light |
| 12:00 | Flak Cannons |
| 12:01 | Flare |
| 12:12 | Improved Lumber Harvesting |
| 13:09 | Castle |
| 13:11 | Mortar Team |
| 13:13 | Advanced Lumber Harvesting |
| 13:27 | Pendant of Energy |
| 13:46 | Mortar Team |
| 14:17 | Lumber Mill |
| 14:21 | Scout Tower |
| 14:45 | Scroll of Town Portal |
| 15:32 | Fragmentation Shards |
| 15:33 | Mortar Team |
| 15:35 | Arcane Tower |
| 16:55 | Bash |
| 17:11 | Refined Gunpowder |
| 17:14 | Reinforced Leather Armor |
| 17:38 | Devotion Aura |
| 18:06 | Gryphon Aviary |
| 18:09 | Gryphon Aviary |
| 18:11 | Gryphon Aviary |
| 18:13 | Gryphon Aviary |
| 18:23 | Gryphon Aviary |
| 18:47 | Flying Machine |
| 18:54 | Flying Machine |
| 18:54 | Flying Machine |
| 18:54 | Flying Machine |
| 18:54 | Flying Machine |
| 18:54 | Flying Machine |
| 18:54 | Flying Machine |
| 19:19 | Flying Machine |
| 19:19 | Flying Machine |
| 19:33 | Flying Machine |
| 20:15 | Improved Masonry |
| 20:42 | Flying Machine |
| 20:55 | Farm |
| 20:57 | Iron Plating |
| 21:38 | Farm |
| 22:02 | Scroll of Town Portal |
| 22:03 | Scroll of Protection |
| 22:09 | Steel Plating |
| 23:02 | Flying Machine |
| 24:03 | Imbued Gunpowder |
| 24:06 | Peasant |
| 24:06 | Peasant |
| 24:07 | Peasant |
| 24:08 | Peasant |
| 24:27 | Holy Light |
| 26:07 | Flying Machine |
| 26:08 | Flying Machine |
| 26:09 | Flying Machine |
| 26:09 | Flying Machine |
| 26:09 | Flying Machine |
| 26:10 | Flying Machine |
| 26:43 | Storm Bolt |
| 27:01 | Lumber Mill |
| 27:03 | Flying Machine |
| 27:03 | Flying Machine |
| 27:46 | Town Hall |
| 29:17 | Rifleman |
| 29:18 | Mortar Team |
| 30:28 | Mortar Team |
| 34:08 | Mortar Team |
| 34:36 | Flying Machine |
| 34:36 | Flying Machine |
| 34:36 | Flying Machine |
| 34:37 | Flying Machine |
| 34:37 | Flying Machine |
| 34:43 | Peasant |
| 34:43 | Peasant |
| 34:43 | Peasant |
| 34:44 | Peasant |
| 34:44 | Peasant |
| 38:33 | Divine Shield |
| 38:34 | Divine Shield |
| 38:34 | Divine Shield |
| 38:34 | Divine Shield |
| Right click | 1156 |
| Select group | 607 |
| Select | 444 |
| Build/train/purchase | 111 |
| Misc. action | 65 |
| Use ability | 54 |
| Assign group | 21 |
| Minimap ping | 5 |
| Esc | 2 |
| Item give/drop | 1 |
| Remove unit | 1 |


| Rod of Necromancy | 3 | 450 |
| Potion of Healing | 3 | 450 |
| Potion of Mana | 1 | 200 |
| Orb of Corruption | 1 | 375 |
| Scroll of Healing | 3 | 750 |
| Scroll of Town Portal | 3 | 1050 |
| Potion of Lesser Invulnerability | 2 | 300 |
| Orb of Fire | 1 | 325 |
| Staff of Sanctuary | 1 | 250 |
| total: | 18 | 4150g |
| Acolyte | 8 | 600 | / | 0 |
| Ghoul | 7 | 840 | / | 0 |
| Crypt Fiend | 13 | 2795 | / | 520 |
| Obsidian Statue | 9 | 1800 | / | 315 |
| Frost Wyrm | 8 | 3080 | / | 960 |
| Meat Wagon | 3 | 690 | / | 150 |
| Necromancer | 4 | 580 | / | 80 |
| total: | 52 | 10385g | / | 2025w |
| Nerubian Tower | 4 | 400 | / | 80 |
| Spirit Tower | 13 | 1885 | / | 520 |
| Ziggurat | 22 | 3300 | / | 1100 |
| Crypt | 1 | 200 | / | 50 |
| Graveyard | 2 | 430 | / | 0 |
| Altar of Darkness | 1 | 180 | / | 50 |
| Tomb of Relics | 1 | 130 | / | 30 |
| Necropolis | 3 | 675 | / | 0 |
| Slaughterhouse | 1 | 140 | / | 135 |
| Sacrificial Pit | 1 | 75 | / | 150 |
| Temple of the Damned | 1 | 155 | / | 140 |
| Boneyard | 1 | 175 | / | 200 |
| Halls of the Dead | 4 | 1280 | / | 840 |
| Black Citadel | 1 | 325 | / | 230 |
| total: | 34 | 5460g | / | 1855w |
| 0:02 | Acolyte |
| 0:02 | Acolyte |
| 0:05 | Acolyte |
| 0:11 | Ziggurat |
| 0:22 | Crypt |
| 0:40 | Graveyard |
| 0:58 | Altar of Darkness |
| 1:19 | Tomb of Relics |
| 1:27 | Ghoul |
| 1:42 | Ziggurat |
| 1:52 | Ghoul |
| 2:13 | Crypt Fiend |
| 2:36 | Crypt Fiend |
| 3:00 | Rod of Necromancy |
| 3:04 | Death Coil |
| 3:17 | Crypt Fiend |
| 3:39 | Crypt Fiend |
| 4:08 | Ziggurat |
| 4:14 | Unholy Aura |
| 4:33 | Acolyte |
| 4:33 | Acolyte |
| 4:43 | Rod of Necromancy |
| 5:10 | Creature Attack |
| 5:12 | Crypt Fiend |
| 5:28 | Death Coil |
| 5:41 | Acolyte |
| 5:41 | Acolyte |
| 5:41 | Acolyte |
| 6:23 | Crypt Fiend |
| 6:25 | Creature Carapace |
| 7:10 | Ziggurat |
| 7:11 | Ziggurat |
| 7:15 | Halls of the Dead |
| 7:19 | Nerubian Tower |
| 7:25 | Scroll of Healing |
| 7:47 | Spirit Tower |
| 7:49 | Ziggurat |
| 7:53 | Ziggurat |
| 8:18 | Crypt Fiend |
| 8:23 | Ziggurat |
| 8:29 | Spirit Tower |
| 8:31 | Nerubian Tower |
| 8:33 | Ziggurat |
| 8:36 | Necropolis |
| 8:45 | Spirit Tower |
| 9:14 | Unholy Aura |
| 9:36 | Spirit Tower |
| 9:38 | Ghoul |
| 9:40 | Burrow |
| 9:41 | Web |
| 9:54 | Rod of Necromancy |
| 10:20 | Slaughterhouse |
| 10:22 | Spirit Tower |
| 10:36 | Spirit Tower |
| 10:46 | Frost Nova |
| 10:49 | Potion of Healing |
| 10:49 | Potion of Mana |
| 12:01 | Black Citadel |
| 12:06 | Sacrificial Pit |
| 12:12 | Ghoul |
| 13:16 | Frost Armor |
| 13:46 | Obsidian Statue |
| 13:46 | Obsidian Statue |
| 13:48 | Improved Creature Attack |
| 14:37 | Boneyard |
| 15:18 | Improved Creature Carapace |
| 15:59 | Frost Wyrm |
| 16:15 | Spirit Tower |
| 16:23 | Destroyer Form |
| 16:34 | Ghoul |
| 16:48 | Ghoul |
| 16:48 | Ghoul |
| 17:10 | Frost Wyrm |
| 17:58 | Obsidian Statue |
| 18:20 | Graveyard |
| 18:46 | Obsidian Statue |
| 19:15 | Ziggurat |
| 19:20 | Ziggurat |
| 19:21 | Ziggurat |
| 20:00 | Advanced Creature Carapace |
| 20:02 | Orb of Corruption |
| 20:08 | Scroll of Town Portal |
| 20:19 | Nerubian Tower |
| 20:22 | Spirit Tower |
| 20:24 | Halls of the Dead |
| 20:36 | Orb of Fire |
| 20:36 | Staff of Sanctuary |
| 20:42 | Potion of Healing |
| 21:17 | Spirit Tower |
| 21:26 | Freezing Breath |
| 21:41 | Ziggurat |
| 22:17 | Advanced Creature Attack |
| 23:35 | Necropolis |
| 23:37 | Spirit Tower |
| 23:40 | Ziggurat |
| 23:49 | Frost Wyrm |
| 23:57 | Scroll of Town Portal |
| 24:42 | Frost Nova |
| 24:55 | Spirit Tower |
| 26:20 | Frost Wyrm |
| 26:20 | Frost Wyrm |
| 26:21 | Frost Wyrm |
| 27:06 | Crypt Fiend |
| 27:10 | Death Coil |
| 29:46 | Ziggurat |
| 29:48 | Ziggurat |
| 29:49 | Ziggurat |
| 30:40 | Ziggurat |
| 30:41 | Ziggurat |
| 30:42 | Ziggurat |
| 30:43 | Ziggurat |
| 30:50 | Spirit Tower |
| 30:52 | Ziggurat |
| 31:21 | Crypt Fiend |
| 31:24 | Frost Wyrm |
| 31:56 | Nerubian Tower |
| 32:04 | Crypt Fiend |
| 32:10 | Frost Wyrm |
| 32:23 | Obsidian Statue |
| 33:17 | Scroll of Town Portal |
| 33:18 | Potion of Lesser Invulnerability |
| 33:20 | Scroll of Healing |
| 33:57 | Crypt Fiend |
| 35:18 | Spirit Tower |
| 36:17 | Necropolis |
| 37:03 | Frost Armor |
| 38:39 | Halls of the Dead |
| 38:45 | Crypt Fiend |
| 38:45 | Crypt Fiend |
| 38:48 | Meat Wagon |
| 38:49 | Meat Wagon |
| 38:58 | Halls of the Dead |
| 39:21 | Scroll of Healing |
| 39:21 | Potion of Lesser Invulnerability |
| 39:46 | Obsidian Statue |
| 40:52 | Obsidian Statue |
| 41:20 | Potion of Healing |
| 41:24 | Obsidian Statue |
| 41:35 | Temple of the Damned |
| 42:14 | Meat Wagon |
| 42:17 | Exhume Corpses |
| 42:56 | Animate Dead |
| 43:04 | Necromancer |
| 43:04 | Skeletal Mastery |
| 43:04 | Necromancer Adept Training |
| 43:18 | Devotion Aura |
| 43:35 | Obsidian Statue |
| 43:39 | Necromancer |
| 43:39 | Necromancer |
| 44:14 | Necromancer |
| Select group | 2089 |
| Right click | 1919 |
| Select | 622 |
| Build/train/purchase | 194 |
| Use ability | 91 |
| Misc. action | 86 |
| Assign group | 65 |
| Chat | 42 |
| Minimap ping | 31 |
| Resource trade | 6 |
| Item give/drop | 4 |
| Esc | 3 |
| Remove unit | 2 |

| Scroll of Regeneration | 8 | 800 |
| Lesser Clarity Potion | 8 | 560 |
| Orb of Fire | 1 | 325 |
| Potion of Mana | 5 | 1000 |
| Potion of Healing | 4 | 600 |
| Scroll of Town Portal | 10 | 3500 |
| Boots of Speed | 2 | 500 |
| Potion of Lesser Invulnerability | 4 | 600 |
| Staff of Teleportation | 1 | 150 |
| Potion of Invisibility | 1 | 100 |
| total: | 44 | 8135g |
| Peasant | 25 | 1875 | / | 0 |
| Footman | 7 | 945 | / | 0 |
| Sorceress | 4 | 620 | / | 80 |
| Mortar Team | 10 | 1800 | / | 700 |
| Siege Engine | 10 | 1950 | / | 600 |
| Flying Machine | 2 | 200 | / | 60 |
| Knight | 2 | 490 | / | 120 |
| Goblin Zeppelin | 2 | 480 | / | 120 |
| Acolyte | 1 | 75 | / | 0 |
| total: | 63 | 8435g | / | 1680w |
| Scout Tower | 49 | 1470 | / | 980 |
| Arcane Tower | 8 | 560 | / | 400 |
| Guard Tower | 21 | 1470 | / | 1050 |
| Lumber Mill | 2 | 240 | / | 0 |
| Farm | 19 | 1520 | / | 380 |
| Barracks | 2 | 320 | / | 120 |
| Altar of Kings | 3 | 540 | / | 150 |
| Arcane Vault | 3 | 390 | / | 90 |
| Town Hall | 13 | 5005 | / | 2665 |
| Blacksmith | 1 | 140 | / | 60 |
| Arcane Sanctum | 1 | 150 | / | 140 |
| Workshop | 4 | 560 | / | 560 |
| Keep | 3 | 960 | / | 630 |
| Castle | 3 | 1080 | / | 630 |
| Altar of Darkness | 1 | 180 | / | 50 |
| Ziggurat | 2 | 300 | / | 100 |
| Black Citadel | 1 | 325 | / | 230 |
| total: | 100 | 10815g | / | 5295w |
| 0:02 | Peasant |
| 0:02 | Peasant |
| 0:02 | Peasant |
| 0:06 | Lumber Mill |
| 0:13 | Peasant |
| 0:20 | Peasant |
| 0:48 | Farm |
| 0:50 | Peasant |
| 1:04 | Barracks |
| 1:10 | Barracks |
| 1:13 | Peasant |
| 1:18 | Farm |
| 1:20 | Peasant |
| 1:39 | Altar of Kings |
| 1:43 | Peasant |
| 1:49 | Peasant |
| 1:53 | Farm |
| 2:05 | Footman |
| 2:18 | Footman |
| 2:32 | Defend |
| 2:48 | Footman |
| 2:52 | Breath of Fire |
| 3:00 | Arcane Vault |
| 3:15 | Footman |
| 3:23 | Farm |
| 3:54 | Footman |
| 4:12 | Drunken Haze |
| 4:31 | Town Hall |
| 4:47 | Town Hall |
| 5:03 | Farm |
| 5:07 | Scroll of Regeneration |
| 5:30 | Farm |
| 5:51 | Keep |
| 5:53 | Scout Tower |
| 6:25 | Footman |
| 6:40 | Boots of Speed |
| 6:52 | Footman |
| 6:57 | Arcane Tower |
| 8:13 | Arcane Sanctum |
| 8:15 | Farm |
| 8:18 | Scout Tower |
| 8:47 | Arcane Tower |
| 8:56 | Breath of Fire |
| 9:01 | Town Hall |
| 9:02 | Sorceress |
| 9:03 | Sorceress Adept Training |
| 9:04 | Scout Tower |
| 9:13 | Scout Tower |
| 9:15 | Scout Tower |
| 9:18 | Blacksmith |
| 9:19 | Peasant |
| 9:19 | Peasant |
| 9:19 | Peasant |
| 9:19 | Peasant |
| 9:28 | Scout Tower |
| 9:33 | Arcane Vault |
| 9:36 | Guard Tower |
| 10:16 | Magic Sentry |
| 10:17 | Guard Tower |
| 10:23 | Guard Tower |
| 10:26 | Scout Tower |
| 10:28 | Peasant |
| 10:28 | Peasant |
| 10:28 | Peasant |
| 10:28 | Peasant |
| 10:29 | Peasant |
| 10:29 | Peasant |
| 10:36 | Black Gunpowder |
| 10:49 | Peasant |
| 11:16 | Altar of Kings |
| 11:21 | Workshop |
| 11:22 | Workshop |
| 11:28 | Peasant |
| 11:28 | Peasant |
| 11:42 | Farm |
| 11:49 | Sorceress |
| 11:58 | Guard Tower |
| 12:09 | Improved Lumber Harvesting |
| 12:40 | Sorceress |
| 12:40 | Sorceress |
| 12:43 | Mortar Team |
| 12:45 | Scout Tower |
| 13:23 | Mortar Team |
| 13:24 | Guard Tower |
| 13:29 | Refined Gunpowder |
| 13:38 | Scout Tower |
| 13:39 | Scout Tower |
| 13:43 | Farm |
| 13:44 | Farm |
| 13:45 | Farm |
| 13:47 | Farm |
| 13:58 | Castle |
| 14:28 | Scroll of Town Portal |
| 14:42 | Mortar Team |
| 15:36 | Mortar Team |
| 16:16 | Mortar Team |
| 16:17 | Mortar Team |
| 16:17 | Mortar Team |
| 16:17 | Mortar Team |
| 16:24 | Scroll of Regeneration |
| 16:34 | Fragmentation Shards |
| 16:40 | Guard Tower |
| 16:54 | Scroll of Town Portal |
| 17:18 | Farm |
| 17:44 | Barrage |
| 17:44 | Siege Engine |
| 18:49 | Drunken Brawler |
| 19:49 | Scroll of Town Portal |
| 20:16 | Town Hall |
| 24:33 | Town Hall |
| 24:39 | Scroll of Regeneration |
| 24:41 | Lesser Clarity Potion |
| 25:47 | Keep |
| 26:54 | Town Hall |
| 27:52 | Scout Tower |
| 27:54 | Scout Tower |
| 28:04 | Scout Tower |
| 28:13 | Castle |
| 28:13 | Scout Tower |
| 28:15 | Scout Tower |
| 28:21 | Arcane Tower |
| 28:24 | Lumber Mill |
| 28:32 | Arcane Tower |
| 28:35 | Scout Tower |
| 28:36 | Arcane Tower |
| 28:38 | Scout Tower |
| 28:44 | Scout Tower |
| 28:49 | Arcane Tower |
| 28:50 | Scout Tower |
| 28:51 | Scout Tower |
| 28:54 | Scout Tower |
| 29:05 | Guard Tower |
| 29:07 | Scout Tower |
| 29:19 | Farm |
| 29:21 | Keep |
| 29:23 | Guard Tower |
| 29:24 | Scout Tower |
| 29:32 | Guard Tower |
| 29:34 | Scout Tower |
| 29:34 | Scout Tower |
| 29:39 | Improved Masonry |
| 29:45 | Guard Tower |
| 29:46 | Guard Tower |
| 29:58 | Workshop |
| 30:00 | Workshop |
| 30:03 | Guard Tower |
| 30:11 | Guard Tower |
| 30:35 | Siege Engine |
| 30:48 | Scout Tower |
| 31:08 | Arcane Vault |
| 31:19 | Town Hall |
| 31:27 | Siege Engine |
| 31:35 | Siege Engine |
| 32:11 | Siege Engine |
| 32:16 | Guard Tower |
| 32:18 | Scout Tower |
| 32:21 | Scout Tower |
| 32:32 | Orb of Fire |
| 32:33 | Scroll of Town Portal |
| 32:47 | Guard Tower |
| 32:48 | Scout Tower |
| 33:09 | Scout Tower |
| 33:10 | Peasant |
| 33:11 | Peasant |
| 34:08 | Guard Tower |
| 34:14 | Altar of Kings |
| 34:14 | Guard Tower |
| 34:20 | Town Hall |
| 34:41 | Town Hall |
| 34:42 | Scout Tower |
| 34:47 | Town Hall |
| 34:50 | Scout Tower |
| 34:52 | Scout Tower |
| 34:53 | Scout Tower |
| 34:54 | Scout Tower |
| 35:25 | Guard Tower |
| 35:52 | Castle |
| 35:59 | Guard Tower |
| 37:04 | Potion of Lesser Invulnerability |
| 37:05 | Staff of Teleportation |
| 38:38 | Breath of Fire |
| 39:10 | Farm |
| 39:38 | Farm |
| 40:08 | Boots of Speed |
| 40:12 | Potion of Lesser Invulnerability |
| 40:19 | Scout Tower |
| 40:20 | Scout Tower |
| 40:21 | Scout Tower |
| 40:22 | Scout Tower |
| 40:27 | Potion of Mana |
| 40:29 | Lesser Clarity Potion |
| 40:30 | Scroll of Regeneration |
| 40:38 | Siege Engine |
| 40:39 | Siege Engine |
| 40:51 | Imbued Gunpowder |
| 41:01 | Flying Machine |
| 42:01 | Scroll of Town Portal |
| 42:01 | Lesser Clarity Potion |
| 42:14 | Potion of Lesser Invulnerability |
| 43:06 | Scout Tower |
| 43:16 | Guard Tower |
| 43:17 | Scout Tower |
| 43:27 | Guard Tower |
| 43:27 | Scout Tower |
| 43:30 | Town Hall |
| 44:16 | Goblin Zeppelin |
| 44:16 | Goblin Zeppelin |
| 44:44 | Potion of Healing |
| 44:44 | Scroll of Regeneration |
| 44:46 | Lesser Clarity Potion |
| 44:47 | Scroll of Town Portal |
| 44:49 | Potion of Healing |
| 46:47 | Potion of Mana |
| 46:48 | Lesser Clarity Potion |
| 47:51 | Potion of Healing |
| 47:53 | Scroll of Regeneration |
| 47:54 | Scroll of Town Portal |
| 48:01 | Town Hall |
| 48:11 | Storm Earth and Fire |
| 48:16 | Scout Tower |
| 48:17 | Scout Tower |
| 48:22 | Flying Machine |
| 49:58 | Scout Tower |
| 50:02 | Farm |
| 50:14 | Scout Tower |
| 50:18 | Town Hall |
| 50:36 | Arcane Tower |
| 51:10 | Potion of Mana |
| 51:14 | Lesser Clarity Potion |
| 51:39 | Scroll of Town Portal |
| 52:03 | Siege Engine |
| 52:58 | Knight |
| 52:58 | Knight |
| 53:01 | Siege Engine |
| 53:01 | Siege Engine |
| 53:15 | Potion of Invisibility |
| 53:48 | Arcane Tower |
| 54:14 | Mortar Team |
| 54:14 | Mortar Team |
| 54:18 | Potion of Mana |
| 54:18 | Lesser Clarity Potion |
| 54:20 | Scroll of Regeneration |
| 54:49 | Advanced Masonry |
| 55:00 | Scout Tower |
| 56:00 | Scroll of Town Portal |
| 56:07 | Drunken Brawler |
| 57:12 | Potion of Healing |
| 57:13 | Potion of Mana |
| 57:14 | Scroll of Regeneration |
| 57:14 | Lesser Clarity Potion |
| 57:17 | Scroll of Town Portal |
| 57:38 | Farm |
| 57:38 | Farm |
| 58:45 | Scout Tower |
| 58:46 | Scout Tower |
| 59:27 | Potion of Lesser Invulnerability |
| 59:54 | Acolyte |
| 61:41 | Black Citadel |
| 61:42 | Altar of Darkness |
| 61:43 | Ziggurat |
| 61:44 | Ziggurat |
| Right click | 3232 |
| Select | 917 |
| Build/train/purchase | 342 |
| Select group | 336 |
| Misc. action | 189 |
| Chat | 163 |
| Use ability | 150 |
| Assign group | 66 |
| Esc | 22 |
| Item give/drop | 11 |
| Remove unit | 2 |
| Minimap ping | 1 |


| Potion of Healing | 1 | 150 |
| Scroll of Town Portal | 2 | 700 |
| total: | 3 | 850g |
| Peasant | 17 | 1275 | / | 0 |
| Mortar Team | 18 | 3240 | / | 1260 |
| Priest | 12 | 1620 | / | 120 |
| Siege Engine | 3 | 585 | / | 180 |
| Sorceress | 3 | 465 | / | 60 |
| Flying Machine | 1 | 100 | / | 30 |
| total: | 54 | 7285g | / | 1650w |
| Scout Tower | 15 | 450 | / | 300 |
| Arcane Tower | 10 | 700 | / | 500 |
| Altar of Kings | 2 | 360 | / | 100 |
| Farm | 7 | 560 | / | 140 |
| Lumber Mill | 1 | 120 | / | 0 |
| Blacksmith | 1 | 140 | / | 60 |
| Arcane Vault | 1 | 130 | / | 30 |
| Town Hall | 3 | 1155 | / | 615 |
| Cannon Tower | 2 | 240 | / | 200 |
| Arcane Sanctum | 1 | 150 | / | 140 |
| Workshop | 1 | 140 | / | 140 |
| Gryphon Aviary | 1 | 140 | / | 150 |
| Keep | 1 | 320 | / | 210 |
| Castle | 1 | 360 | / | 210 |
| total: | 33 | 3345g | / | 1675w |
| 0:07 | Peasant |
| 0:07 | Peasant |
| 0:07 | Peasant |
| 0:17 | Altar of Kings |
| 0:35 | Farm |
| 0:38 | Peasant |
| 1:04 | Peasant |
| 1:21 | Farm |
| 1:40 | Lumber Mill |
| 2:26 | Summon Water Elemental |
| 2:35 | Keep |
| 3:11 | Blacksmith |
| 3:18 | Farm |
| 3:57 | Improved Lumber Harvesting |
| 4:09 | Farm |
| 5:02 | Arcane Sanctum |
| 5:06 | Workshop |
| 5:10 | Peasant |
| 5:10 | Peasant |
| 5:30 | Brilliance Aura |
| 5:50 | Advanced Lumber Harvesting |
| 6:15 | Mortar Team |
| 6:22 | Arcane Vault |
| 6:26 | Priest Adept Training |
| 6:27 | Priest |
| 6:28 | Priest |
| 6:28 | Priest |
| 7:31 | Thunder Clap |
| 7:37 | Farm |
| 7:40 | Potion of Healing |
| 7:42 | Scroll of Town Portal |
| 7:42 | Scroll of Town Portal |
| 7:48 | Mortar Team |
| 8:36 | Mortar Team |
| 8:38 | Priest |
| 9:06 | Castle |
| 9:53 | Farm |
| 10:24 | Sorceress Adept Training |
| 10:27 | Flare |
| 10:27 | Mortar Team |
| 10:27 | Mortar Team |
| 10:27 | Mortar Team |
| 10:54 | Bash |
| 11:36 | Fragmentation Shards |
| 11:36 | Mortar Team |
| 11:36 | Mortar Team |
| 11:39 | Barrage |
| 11:40 | Priest Master Training |
| 11:41 | Priest |
| 11:41 | Priest |
| 11:41 | Priest |
| 12:12 | Summon Water Elemental |
| 12:48 | Bash |
| 13:43 | Mortar Team |
| 13:44 | Siege Engine |
| 13:47 | Priest |
| 13:47 | Sorceress |
| 13:49 | Sorceress Master Training |
| 16:23 | Siege Engine |
| 16:23 | Siege Engine |
| 16:23 | Mortar Team |
| 16:25 | Priest |
| 16:26 | Priest |
| 16:26 | Sorceress |
| 16:26 | Sorceress |
| 17:20 | Brilliance Aura |
| 18:37 | Gryphon Aviary |
| 18:50 | Farm |
| 20:58 | Town Hall |
| 21:40 | Altar of Kings |
| 23:31 | Scout Tower |
| 23:34 | Scout Tower |
| 24:02 | Arcane Tower |
| 24:05 | Arcane Tower |
| 24:09 | Scout Tower |
| 24:15 | Scout Tower |
| 24:47 | Arcane Tower |
| 24:49 | Cannon Tower |
| 24:54 | Scout Tower |
| 24:59 | Scout Tower |
| 25:23 | Peasant |
| 25:23 | Peasant |
| 25:23 | Peasant |
| 25:35 | Arcane Tower |
| 26:33 | Peasant |
| 27:02 | Scout Tower |
| 29:54 | Mortar Team |
| 29:55 | Mortar Team |
| 29:56 | Priest |
| 29:56 | Priest |
| 30:01 | Cannon Tower |
| 31:39 | Scout Tower |
| 32:08 | Scout Tower |
| 32:13 | Arcane Tower |
| 32:19 | Scout Tower |
| 32:37 | Arcane Tower |
| 33:07 | Arcane Tower |
| 33:12 | Scout Tower |
| 33:19 | Scout Tower |
| 33:51 | Arcane Tower |
| 33:57 | Arcane Tower |
| 34:04 | Scout Tower |
| 35:54 | Town Hall |
| 37:23 | Town Hall |
| 37:27 | Scout Tower |
| 40:27 | Peasant |
| 40:27 | Peasant |
| 40:53 | Arcane Tower |
| 41:02 | Peasant |
| 41:02 | Peasant |
| 41:02 | Peasant |
| 41:29 | Peasant |
| 42:34 | Scout Tower |
| 43:39 | Mortar Team |
| 43:39 | Mortar Team |
| 43:39 | Mortar Team |
| 43:41 | Mortar Team |
| 43:42 | Mortar Team |
| 43:42 | Mortar Team |
| 43:52 | Flying Machine |
| 47:38 | Summon Water Elemental |
| Right click | 662 |
| Select | 428 |
| Build/train/purchase | 121 |
| Chat | 86 |
| Use ability | 25 |
| Select group | 20 |
| Assign group | 15 |
| Remove unit | 5 |
| Misc. action | 4 |
| Minimap ping | 4 |
134 units @ 13.5k
/ 2.2k
285 buildings @ 20.6k
/ 10.8k
GIGA
(207)
(62:09) : 
| Healing Salve | 2 | 200 |
| Lesser Clarity Potion | 9 | 630 |
| Orb of Lightning | 1 | 375 |
| Potion of Mana | 1 | 200 |
| Boots of Speed | 1 | 250 |
| Staff of Teleportation | 1 | 150 |
| Mask of Death | 1 | 1000 |
| Crown of Kings +5 | 3 | 3000 |
| Claws of Attack +12 | 1 | 500 |
| total: | 20 | 6305g |
| Peon | 17 | 1275 | / | 0 |
| Troll Witch Doctor | 4 | 580 | / | 100 |
| Kodo Beast | 1 | 255 | / | 60 |
| Troll Batrider | 8 | 1280 | / | 320 |
| total: | 30 | 3390g | / | 480w |
| Watch Tower | 21 | 2310 | / | 1680 |
| Altar of Storms | 1 | 180 | / | 50 |
| Orc Burrow | 5 | 800 | / | 200 |
| Voodoo Lounge | 2 | 260 | / | 60 |
| War Mill | 1 | 205 | / | 0 |
| Great Hall | 1 | 385 | / | 185 |
| Spirit Lodge | 1 | 150 | / | 150 |
| Beastiary | 1 | 145 | / | 140 |
| Stronghold | 2 | 630 | / | 380 |
| Fortress | 1 | 325 | / | 190 |
| total: | 33 | 4435g | / | 2465w |
| 0:03 | Peon |
| 0:03 | Peon |
| 0:07 | Altar of Storms |
| 0:09 | Orc Burrow |
| 0:20 | Peon |
| 0:47 | Peon |
| 0:47 | Peon |
| 1:18 | Voodoo Lounge |
| 1:19 | Peon |
| 1:19 | Peon |
| 1:25 | Orc Burrow |
| 1:48 | War Mill |
| 1:51 | Peon |
| 1:54 | Peon |
| 2:10 | Peon |
| 2:10 | Peon |
| 2:15 | Wind Walk |
| 2:23 | Healing Salve |
| 2:25 | Lesser Clarity Potion |
| 2:46 | Peon |
| 2:46 | Peon |
| 2:54 | Peon |
| 3:09 | Storm Bolt |
| 3:34 | Peon |
| 3:36 | Spiked Barricades |
| 3:57 | Peon |
| 3:58 | Peon |
| 4:05 | Watch Tower |
| 4:05 | Watch Tower |
| 5:55 | Stronghold |
| 5:57 | Lesser Clarity Potion |
| 6:04 | Watch Tower |
| 6:04 | Watch Tower |
| 6:39 | Boots of Speed |
| 6:39 | Staff of Teleportation |
| 8:47 | Fortress |
| 8:51 | Watch Tower |
| 8:52 | Watch Tower |
| 8:55 | Watch Tower |
| 8:56 | Watch Tower |
| 8:58 | Reinforced Defenses |
| 9:01 | Watch Tower |
| 9:04 | Critical Strike |
| 10:35 | Spirit Lodge |
| 11:06 | Critical Strike |
| 11:25 | Watch Tower |
| 11:27 | Watch Tower |
| 11:38 | Voodoo Lounge |
| 11:52 | Orb of Lightning |
| 11:58 | Watch Tower |
| 12:02 | Beastiary |
| 12:11 | Witch Doctor Adept Training |
| 12:11 | Troll Witch Doctor |
| 12:20 | Lesser Clarity Potion |
| 12:22 | Healing Salve |
| 13:40 | Mask of Death |
| 14:23 | Watch Tower |
| 14:23 | Watch Tower |
| 14:24 | Watch Tower |
| 14:25 | Watch Tower |
| 14:26 | Watch Tower |
| 14:39 | War Drums Damage Increase |
| 14:39 | Liquid Fire |
| 15:39 | Wind Walk |
| 17:11 | Witch Doctor Master Training |
| 17:17 | Orc Burrow |
| 17:20 | Orc Burrow |
| 17:44 | Watch Tower |
| 17:48 | Watch Tower |
| 17:48 | Watch Tower |
| 17:49 | Watch Tower |
| 18:10 | Storm Bolt |
| 18:21 | Storm Bolt |
| 18:39 | Kodo Beast |
| 18:43 | Troll Batrider |
| 18:43 | Troll Batrider |
| 19:09 | Lesser Clarity Potion |
| 19:11 | Potion of Mana |
| 19:38 | Crown of Kings +5 |
| 19:59 | Claws of Attack +12 |
| 21:09 | Critical Strike |
| 23:26 | Bladestorm |
| 24:03 | Troll Batrider |
| 24:03 | Troll Batrider |
| 24:04 | Troll Batrider |
| 24:08 | Orc Burrow |
| 24:13 | Great Hall |
| 25:19 | Divine Shield |
| 26:13 | Troll Witch Doctor |
| 26:13 | Troll Witch Doctor |
| 26:18 | Troll Witch Doctor |
| 26:39 | Lesser Clarity Potion |
| 29:55 | Lesser Clarity Potion |
| 30:30 | Lesser Clarity Potion |
| 31:59 | Crown of Kings +5 |
| 33:16 | Mirror Image |
| 36:17 | Troll Batrider |
| 36:17 | Troll Batrider |
| 36:17 | Troll Batrider |
| 37:51 | Lesser Clarity Potion |
| 38:18 | Lesser Clarity Potion |
| 39:30 | Mirror Image |
| 43:17 | Crown of Kings +5 |
| 45:14 | Mirror Image |
| 47:48 | Holy Light |
| 48:54 | Wind Walk |
| 54:39 | Stronghold |
| Right click | 4136 |
| Select | 470 |
| Build/train/purchase | 216 |
| Chat | 155 |
| Minimap ping | 65 |
| Resource trade | 41 |
| Misc. action | 28 |
| Use ability | 28 |
| Item give/drop | 19 |
| Select group | 5 |
| Assign group | 4 |
| Esc | 3 |
| Remove unit | 1 |
Jgraham2
(30)
(62:09) : | Boots of Speed | 2 | 500 |
| total: | 2 | 500g |
| Peasant | 22 | 1650 | / | 0 |
| total: | 22 | 1650g | / | 0w |
| Scout Tower | 86 | 2580 | / | 1720 |
| Arcane Tower | 1 | 70 | / | 50 |
| Guard Tower | 23 | 1610 | / | 1150 |
| Altar of Kings | 2 | 360 | / | 100 |
| Farm | 8 | 640 | / | 160 |
| Lumber Mill | 2 | 240 | / | 0 |
| Town Hall | 10 | 3850 | / | 2050 |
| Keep | 1 | 320 | / | 210 |
| Castle | 1 | 360 | / | 210 |
| total: | 108 | 7670g | / | 4030w |
| 0:26 | Altar of Kings |
| 0:27 | Peasant |
| 0:28 | Peasant |
| 0:28 | Peasant |
| 0:28 | Peasant |
| 1:04 | Farm |
| 1:05 | Farm |
| 1:06 | Farm |
| 1:08 | Peasant |
| 1:26 | Peasant |
| 1:26 | Peasant |
| 1:31 | Scout Tower |
| 1:47 | Lumber Mill |
| 1:57 | Peasant |
| 1:57 | Peasant |
| 2:04 | Arcane Tower |
| 2:44 | Peasant |
| 2:44 | Peasant |
| 2:48 | Peasant |
| 2:52 | Improved Lumber Harvesting |
| 3:15 | Scout Tower |
| 3:18 | Scout Tower |
| 3:19 | Scout Tower |
| 3:20 | Scout Tower |
| 3:20 | Scout Tower |
| 3:21 | Scout Tower |
| 3:22 | Scout Tower |
| 3:23 | Scout Tower |
| 3:37 | Peasant |
| 3:37 | Peasant |
| 4:11 | Keep |
| 4:13 | Improved Masonry |
| 4:24 | Scout Tower |
| 4:25 | Scout Tower |
| 4:26 | Scout Tower |
| 4:35 | Scout Tower |
| 4:47 | Scout Tower |
| 4:48 | Scout Tower |
| 4:49 | Scout Tower |
| 4:50 | Scout Tower |
| 5:19 | Guard Tower |
| 6:01 | Guard Tower |
| 6:24 | Scout Tower |
| 6:25 | Scout Tower |
| 6:26 | Scout Tower |
| 6:27 | Scout Tower |
| 7:04 | Guard Tower |
| 7:12 | Scout Tower |
| 7:12 | Scout Tower |
| 7:12 | Scout Tower |
| 7:16 | Scout Tower |
| 7:16 | Scout Tower |
| 7:17 | Scout Tower |
| 7:18 | Scout Tower |
| 7:19 | Scout Tower |
| 7:22 | Guard Tower |
| 7:55 | Advanced Lumber Harvesting |
| 7:56 | Advanced Masonry |
| 8:19 | Scout Tower |
| 8:21 | Scout Tower |
| 8:25 | Scout Tower |
| 8:27 | Scout Tower |
| 8:29 | Scout Tower |
| 8:30 | Scout Tower |
| 8:31 | Scout Tower |
| 8:57 | Peasant |
| 9:30 | Guard Tower |
| 9:45 | Guard Tower |
| 10:09 | Scout Tower |
| 10:10 | Scout Tower |
| 10:11 | Scout Tower |
| 10:12 | Scout Tower |
| 10:12 | Scout Tower |
| 10:20 | Scout Tower |
| 10:20 | Scout Tower |
| 10:22 | Scout Tower |
| 10:23 | Scout Tower |
| 10:26 | Guard Tower |
| 11:11 | Town Hall |
| 11:16 | Guard Tower |
| 11:38 | Castle |
| 12:03 | Guard Tower |
| 12:17 | Scout Tower |
| 12:21 | Scout Tower |
| 12:22 | Scout Tower |
| 12:24 | Scout Tower |
| 12:42 | Guard Tower |
| 13:34 | Guard Tower |
| 13:47 | Scout Tower |
| 13:49 | Scout Tower |
| 13:51 | Scout Tower |
| 13:52 | Scout Tower |
| 13:53 | Scout Tower |
| 14:20 | Imbued Masonry |
| 15:28 | Altar of Kings |
| 16:42 | Town Hall |
| 16:47 | Scout Tower |
| 16:48 | Scout Tower |
| 17:24 | Lumber Mill |
| 17:33 | Scout Tower |
| 18:57 | Town Hall |
| 20:03 | Town Hall |
| 20:17 | Farm |
| 20:18 | Farm |
| 20:19 | Farm |
| 20:19 | Farm |
| 20:20 | Farm |
| 24:47 | Town Hall |
| 25:34 | Scout Tower |
| 25:37 | Scout Tower |
| 26:07 | Guard Tower |
| 26:47 | Guard Tower |
| 27:34 | Peasant |
| 29:50 | Scout Tower |
| 29:51 | Scout Tower |
| 29:51 | Scout Tower |
| 29:52 | Scout Tower |
| 29:53 | Scout Tower |
| 29:54 | Scout Tower |
| 30:39 | Guard Tower |
| 30:42 | Peasant |
| 30:42 | Peasant |
| 30:58 | Guard Tower |
| 31:24 | Guard Tower |
| 31:55 | Guard Tower |
| 34:55 | Town Hall |
| 39:38 | Scout Tower |
| 39:39 | Scout Tower |
| 39:40 | Scout Tower |
| 39:45 | Scout Tower |
| 41:31 | Scout Tower |
| 42:01 | Scout Tower |
| 42:32 | Guard Tower |
| 42:37 | Scout Tower |
| 42:56 | Boots of Speed |
| 43:09 | Boots of Speed |
| 43:39 | Scout Tower |
| 43:40 | Scout Tower |
| 43:54 | Guard Tower |
| 44:00 | Town Hall |
| 44:25 | Guard Tower |
| 44:30 | Scout Tower |
| 44:31 | Scout Tower |
| 44:31 | Scout Tower |
| 44:32 | Scout Tower |
| 45:17 | Guard Tower |
| 47:31 | Scout Tower |
| 47:32 | Scout Tower |
| 47:33 | Scout Tower |
| 47:34 | Scout Tower |
| 47:34 | Scout Tower |
| 47:35 | Scout Tower |
| 48:35 | Guard Tower |
| 49:48 | Peasant |
| 49:48 | Peasant |
| 49:48 | Peasant |
| 51:25 | Scout Tower |
| 53:51 | Town Hall |
| 55:02 | Scout Tower |
| 56:34 | Guard Tower |
| 61:26 | Town Hall |
| 61:37 | Peasant |
| 62:00 | Town Hall |
| Right click | 432 |
| Select | 375 |
| Minimap ping | 77 |
| Resource trade | 77 |
| Build/train/purchase | 65 |
| Chat | 34 |
| Use ability | 1 |
DudeWhy
(236)
(62:05) : 


| Peasant | 22 | 1650 | / | 0 |
| Mortar Team | 2 | 360 | / | 140 |
| total: | 24 | 2010g | / | 140w |
| Scout Tower | 70 | 2100 | / | 1400 |
| Arcane Tower | 12 | 840 | / | 600 |
| Guard Tower | 17 | 1190 | / | 850 |
| Altar of Kings | 2 | 360 | / | 100 |
| Farm | 13 | 1040 | / | 260 |
| Lumber Mill | 3 | 360 | / | 0 |
| Town Hall | 2 | 770 | / | 410 |
| Blacksmith | 1 | 140 | / | 60 |
| Arcane Vault | 1 | 130 | / | 30 |
| Cannon Tower | 1 | 120 | / | 100 |
| Workshop | 2 | 280 | / | 280 |
| Arcane Sanctum | 1 | 150 | / | 140 |
| Gryphon Aviary | 1 | 140 | / | 150 |
| Keep | 1 | 320 | / | 210 |
| Castle | 1 | 360 | / | 210 |
| total: | 96 | 5470g | / | 2830w |
| 0:02 | Peasant |
| 0:04 | Peasant |
| 0:16 | Peasant |
| 0:18 | Altar of Kings |
| 0:21 | Peasant |
| 0:39 | Farm |
| 0:50 | Lumber Mill |
| 0:51 | Peasant |
| 0:51 | Peasant |
| 1:09 | Peasant |
| 1:11 | Farm |
| 1:17 | Scout Tower |
| 1:18 | Peasant |
| 1:25 | Peasant |
| 1:45 | Arcane Tower |
| 1:48 | Peasant |
| 1:54 | Farm |
| 1:55 | Peasant |
| 1:58 | Improved Lumber Harvesting |
| 2:19 | Scout Tower |
| 2:25 | Storm Bolt |
| 2:42 | Scout Tower |
| 2:43 | Scout Tower |
| 2:50 | Guard Tower |
| 2:51 | Peasant |
| 2:51 | Peasant |
| 2:53 | Scout Tower |
| 2:54 | Scout Tower |
| 2:55 | Peasant |
| 2:56 | Peasant |
| 3:11 | Scout Tower |
| 3:21 | Guard Tower |
| 3:22 | Guard Tower |
| 3:26 | Scout Tower |
| 3:29 | Peasant |
| 3:36 | Guard Tower |
| 3:55 | Town Hall |
| 4:03 | Storm Bolt |
| 4:07 | Guard Tower |
| 4:08 | Peasant |
| 4:08 | Peasant |
| 4:19 | Guard Tower |
| 5:21 | Keep |
| 5:24 | Peasant |
| 5:24 | Peasant |
| 5:52 | Peasant |
| 5:53 | Improved Masonry |
| 6:25 | Peasant |
| 6:45 | Scout Tower |
| 6:45 | Scout Tower |
| 6:46 | Scout Tower |
| 6:46 | Scout Tower |
| 7:47 | Bash |
| 7:47 | Bash |
| 7:48 | Bash |
| 7:55 | Guard Tower |
| 7:57 | Scout Tower |
| 7:58 | Scout Tower |
| 7:59 | Scout Tower |
| 8:00 | Scout Tower |
| 8:01 | Scout Tower |
| 8:09 | Holy Light |
| 8:13 | Castle |
| 8:21 | Advanced Lumber Harvesting |
| 8:22 | Advanced Masonry |
| 8:28 | Scout Tower |
| 8:29 | Scout Tower |
| 8:29 | Scout Tower |
| 8:30 | Scout Tower |
| 8:31 | Scout Tower |
| 8:34 | Arcane Tower |
| 8:39 | Arcane Tower |
| 8:59 | Scout Tower |
| 9:00 | Scout Tower |
| 9:00 | Scout Tower |
| 9:00 | Scout Tower |
| 9:01 | Scout Tower |
| 9:03 | Arcane Tower |
| 9:23 | Holy Light |
| 9:30 | Arcane Tower |
| 9:33 | Arcane Tower |
| 9:37 | Arcane Tower |
| 10:46 | Arcane Tower |
| 10:52 | Blacksmith |
| 11:53 | Workshop |
| 11:58 | Workshop |
| 12:32 | Imbued Masonry |
| 13:05 | Fragmentation Shards |
| 13:06 | Flare |
| 13:30 | Black Gunpowder |
| 13:32 | Mortar Team |
| 14:02 | Divine Shield |
| 14:02 | Divine Shield |
| 14:06 | Town Hall |
| 15:35 | Mortar Team |
| 19:13 | Farm |
| 19:14 | Farm |
| 19:14 | Farm |
| 19:15 | Farm |
| 19:15 | Farm |
| 20:19 | Farm |
| 20:21 | Farm |
| 20:22 | Farm |
| 20:33 | Scout Tower |
| 20:33 | Scout Tower |
| 20:34 | Scout Tower |
| 20:34 | Scout Tower |
| 20:34 | Scout Tower |
| 20:34 | Scout Tower |
| 20:46 | Refined Gunpowder |
| 20:48 | Studded Leather Armor |
| 20:53 | Farm |
| 20:53 | Farm |
| 21:03 | Storm Bolt |
| 21:12 | Arcane Tower |
| 21:41 | Cannon Tower |
| 21:42 | Arcane Tower |
| 21:58 | Scout Tower |
| 21:58 | Scout Tower |
| 21:59 | Scout Tower |
| 21:59 | Scout Tower |
| 22:00 | Scout Tower |
| 22:00 | Scout Tower |
| 22:45 | Arcane Sanctum |
| 24:20 | Magic Sentry |
| 24:23 | Scout Tower |
| 24:24 | Scout Tower |
| 24:24 | Scout Tower |
| 24:25 | Scout Tower |
| 25:07 | Arcane Tower |
| 25:13 | Lumber Mill |
| 25:15 | Lumber Mill |
| 25:31 | Scout Tower |
| 25:31 | Scout Tower |
| 25:32 | Scout Tower |
| 25:32 | Scout Tower |
| 25:39 | Scout Tower |
| 25:44 | Scout Tower |
| 26:04 | Scout Tower |
| 26:19 | Guard Tower |
| 26:23 | Scout Tower |
| 26:24 | Guard Tower |
| 26:26 | Scout Tower |
| 26:26 | Scout Tower |
| 26:27 | Scout Tower |
| 26:31 | Guard Tower |
| 26:36 | Scout Tower |
| 26:38 | Scout Tower |
| 26:38 | Scout Tower |
| 26:43 | Holy Light |
| 26:44 | Holy Light |
| 26:48 | Guard Tower |
| 26:54 | Guard Tower |
| 26:59 | Guard Tower |
| 27:51 | Arcane Tower |
| 27:52 | Guard Tower |
| 29:40 | Scout Tower |
| 29:43 | Scout Tower |
| 29:43 | Scout Tower |
| 29:44 | Scout Tower |
| 29:46 | Scout Tower |
| 29:48 | Scout Tower |
| 29:50 | Scout Tower |
| 30:04 | Bash |
| 30:06 | Bash |
| 30:07 | Holy Light |
| 30:24 | Arcane Vault |
| 30:30 | Guard Tower |
| 30:33 | Scout Tower |
| 30:33 | Scout Tower |
| 30:34 | Scout Tower |
| 30:35 | Scout Tower |
| 30:37 | Altar of Kings |
| 31:35 | Guard Tower |
| 31:39 | Scout Tower |
| 31:46 | Scout Tower |
| 31:55 | Divine Shield |
| 32:04 | Gryphon Aviary |
| 32:28 | Bash |
| 32:31 | Guard Tower |
| 34:59 | Imbued Gunpowder |
| 35:10 | Brilliance Aura |
| 39:24 | Storm Bolt |
| 39:26 | Storm Bolt |
| 39:28 | Storm Bolt |
| 39:30 | Divine Shield |
| 40:04 | Blizzard |
| 43:32 | Divine Shield |
| 53:52 | Avatar |
| 53:53 | Avatar |
| 53:58 | Holy Light |
| 56:05 | Avatar |
| 58:10 | Brilliance Aura |
| 61:03 | Resurrection |
| Right click | 2545 |
| Select group | 1404 |
| Select | 433 |
| Use ability | 228 |
| Misc. action | 173 |
| Build/train/purchase | 131 |
| Resource trade | 72 |
| Minimap ping | 33 |
| Assign group | 14 |
| Item give/drop | 1 |
| Esc | 1 |

| Peasant | 15 | 1125 | / | 0 |
| Mortar Team | 7 | 1260 | / | 490 |
| Flying Machine | 31 | 3100 | / | 930 |
| Dragonhawk Rider | 5 | 1000 | / | 150 |
| total: | 58 | 6485g | / | 1570w |
| Scout Tower | 26 | 780 | / | 520 |
| Arcane Tower | 1 | 70 | / | 50 |
| Guard Tower | 20 | 1400 | / | 1000 |
| Altar of Kings | 1 | 180 | / | 50 |
| Farm | 14 | 1120 | / | 280 |
| Lumber Mill | 1 | 120 | / | 0 |
| Blacksmith | 1 | 140 | / | 60 |
| Arcane Vault | 1 | 130 | / | 30 |
| Workshop | 3 | 420 | / | 420 |
| Gryphon Aviary | 1 | 140 | / | 150 |
| Keep | 1 | 320 | / | 210 |
| Castle | 1 | 360 | / | 210 |
| total: | 48 | 3030g | / | 1510w |
| 0:03 | Altar of Kings |
| 0:08 | Farm |
| 0:09 | Peasant |
| 0:13 | Peasant |
| 0:18 | Peasant |
| 0:25 | Peasant |
| 0:52 | Peasant |
| 0:52 | Peasant |
| 0:56 | Lumber Mill |
| 0:58 | Farm |
| 1:25 | Peasant |
| 1:39 | Scout Tower |
| 1:44 | Peasant |
| 1:56 | Peasant |
| 1:58 | Improved Masonry |
| 2:01 | Improved Lumber Harvesting |
| 2:02 | Advanced Masonry |
| 2:12 | Scout Tower |
| 2:13 | Scout Tower |
| 2:20 | Arcane Tower |
| 2:24 | Scout Tower |
| 2:30 | Farm |
| 2:38 | Scout Tower |
| 2:40 | Scout Tower |
| 2:44 | Peasant |
| 2:51 | Scout Tower |
| 2:52 | Scout Tower |
| 2:58 | Peasant |
| 3:07 | Guard Tower |
| 3:18 | Guard Tower |
| 3:32 | Guard Tower |
| 3:36 | Guard Tower |
| 3:45 | Scout Tower |
| 3:45 | Scout Tower |
| 3:52 | Peasant |
| 4:01 | Peasant |
| 4:07 | Scout Tower |
| 4:08 | Scout Tower |
| 4:12 | Peasant |
| 4:17 | Guard Tower |
| 4:27 | Scout Tower |
| 4:27 | Scout Tower |
| 4:38 | Peasant |
| 4:41 | Guard Tower |
| 4:51 | Guard Tower |
| 5:00 | Keep |
| 5:03 | Scout Tower |
| 5:03 | Scout Tower |
| 5:11 | Guard Tower |
| 5:13 | Guard Tower |
| 5:38 | Guard Tower |
| 5:42 | Scout Tower |
| 5:45 | Scout Tower |
| 5:59 | Guard Tower |
| 6:04 | Scout Tower |
| 6:05 | Scout Tower |
| 6:11 | Guard Tower |
| 6:12 | Guard Tower |
| 6:28 | Blacksmith |
| 6:39 | Guard Tower |
| 6:43 | Guard Tower |
| 7:22 | Castle |
| 7:40 | Imbued Masonry |
| 7:43 | Advanced Lumber Harvesting |
| 7:45 | Black Gunpowder |
| 7:47 | Workshop |
| 7:52 | Workshop |
| 7:59 | Workshop |
| 8:42 | Farm |
| 8:43 | Farm |
| 8:49 | Refined Gunpowder |
| 8:51 | Flak Cannons |
| 8:56 | Flare |
| 9:43 | Flying Machine Bombs |
| 9:44 | Fragmentation Shards |
| 10:11 | Mortar Team |
| 10:15 | Farm |
| 10:18 | Farm |
| 10:34 | Imbued Gunpowder |
| 10:47 | Holy Light |
| 11:15 | Iron Plating |
| 11:20 | Farm |
| 11:21 | Farm |
| 11:38 | Gryphon Aviary |
| 11:44 | Arcane Vault |
| 11:51 | Scout Tower |
| 11:53 | Scout Tower |
| 11:54 | Scout Tower |
| 12:18 | Farm |
| 12:19 | Farm |
| 12:23 | Guard Tower |
| 12:47 | Farm |
| 12:47 | Farm |
| 12:49 | Guard Tower |
| 13:09 | Guard Tower |
| 13:35 | Flying Machine |
| 13:35 | Flying Machine |
| 13:35 | Flying Machine |
| 13:35 | Flying Machine |
| 13:35 | Flying Machine |
| 13:35 | Flying Machine |
| 13:35 | Flying Machine |
| 13:39 | Steel Plating |
| 13:42 | Cloud |
| 13:43 | Dragonhawk Rider |
| 13:43 | Dragonhawk Rider |
| 13:49 | Scout Tower |
| 14:04 | Scout Tower |
| 14:05 | Scout Tower |
| 14:25 | Flying Machine |
| 14:25 | Flying Machine |
| 14:41 | Guard Tower |
| 14:52 | Guard Tower |
| 15:31 | Flying Machine |
| 15:31 | Flying Machine |
| 16:03 | Mithril Plating |
| 16:04 | Studded Leather Armor |
| 16:12 | Flying Machine |
| 16:12 | Flying Machine |
| 20:18 | Dragonhawk Rider |
| 20:18 | Dragonhawk Rider |
| 27:54 | Flying Machine |
| 27:54 | Flying Machine |
| 36:01 | Flying Machine |
| 36:01 | Flying Machine |
| 36:09 | Flying Machine |
| 36:09 | Flying Machine |
| 36:09 | Flying Machine |
| 36:09 | Flying Machine |
| 36:09 | Flying Machine |
| 36:12 | Flying Machine |
| 36:13 | Flying Machine |
| 36:13 | Flying Machine |
| 36:13 | Flying Machine |
| 36:45 | Dragonhawk Rider |
| 36:51 | Mortar Team |
| 36:52 | Mortar Team |
| 39:16 | Flying Machine |
| 39:16 | Flying Machine |
| 40:46 | Flying Machine |
| 40:46 | Flying Machine |
| 40:46 | Flying Machine |
| 51:32 | Mortar Team |
| 51:32 | Mortar Team |
| 57:48 | Mortar Team |
| 58:01 | Mortar Team |
| 60:00 | Farm |
| Right click | 1923 |
| Select group | 1831 |
| Select | 466 |
| Chat | 142 |
| Build/train/purchase | 130 |
| Assign group | 26 |
| Use ability | 21 |
| Misc. action | 19 |
| Minimap ping | 16 |
| Esc | 6 |
| Remove unit | 1 |
⇛